 Dungeon Crawl Stone Soup version 0.30-a0-793-g160f7cfddd (webtiles) character file.

Game seed: 450783726914039358

4 Esekla the Sneak (level 1, 8/15 (16) HPs)
             Began as an Octopode Delver on Feb 20, 2023.
             Quit the game on level 5 of the Dungeon.
             The game lasted 00:01:13 (70 turns).

Esekla the Sneak (Octopode Delver)                    Turns: 70, Time: 00:01:13

HP:   8/15 (16)     AC:  1    Str: 11    XL:     1   Next: 60%
MP:   1/1           EV: 13    Int: 12    God:
Gold: 4             SH:  0    Dex: 13    Spells: 0/0 levels left

rFire   . . .      SeeInvis .    a - +0 falchion
rCold   . . .      Faith    .    (no shield)
rNeg    . . .      Spirit   .    (helmet restricted)
rPois   .          Reflect  .    (no amulet)
rElec   .          Harm     .    (no ring)
rCorr   .          Rampage  .    (no ring)
Will    .....                    (no ring)
Stlth   ++++                     (no ring)
HPRegen 0.22/turn                (no ring)
MPRegen 0.07/turn                (no ring)
                                 (no ring)
                                 (no ring)

@: hasted, drained, very quick
A: almost no armour, amphibious, 8 rings, camouflage 1, gelatinous body 1,
(nimble swimmer 1), tentacles
a: no special abilities


You were on level 5 of the Dungeon.
You visited 1 branch of the dungeon, and saw 1 of its levels.

You collected 4 gold pieces.

Inventory:

Hand Weapons
 a - a +0 falchion (weapon)
Wands
 f - a wand of digging (3)
Scrolls
 b - a scroll of fog
Potions
 c - a potion of lignification {unknown}


   Skills:
 * Level 3.0 Fighting
 * Level 2.0 Long Blades
 * Level 2.0 Dodging
 + Level 6.7 Stealth
 * Level 0.1 Spellcasting


You couldn't memorise any spells.
You didn't know any spells.
Your spell library was empty.

Dungeon Overview and Level Annotations

Branches:
Dungeon (5/15)
 Temple: D:4-7

Altars:
Vehumet


Innate Abilities, Weirdness & Mutations

You cannot wear most types of armour.
You are amphibious.
You can wear up to eight rings at the same time.
Your skin changes colour to match your surroundings (Stealth+).
Your rubbery body absorbs attacks. (AC +1, EV +1)
((You are camouflaged when in or above water. (Stealth+)))
You have tentacles for arms and can constrict up to eight enemies at once.


Message History

A wight comes into view. It is wielding a +5 hand axe.
The orc attacks as you move away! The orc hits you with a +0 falchion!
A scorpion comes into view.
The orc shouts!
You hit the orc. Your grab misses the orc.
The orc is lightly wounded.
The orc barely misses you.
You barely miss the orc. You grab the orc. Your squeeze misses the orc.
The orc is lightly wounded.
You constrict the orc, but do no damage.
The orc struggles to escape constriction.
You slash the orc!
You kill the orc!
A wight comes into view. It is wielding a +4 long sword.
You hit the orc. You grab the orc.
The orc is severely wounded.
You constrict the orc.
The orc struggles to escape constriction.
A wight comes into view.
It is wielding a +4 war axe of freezing.
You hit the orc.
You kill the orc!
The scorpion stings you but does no damage.
As you read the scroll of fear, it crumbles to dust.
You assume a fearsome visage.
The wight is unaffected. x3
The orc looks frightened!
The scorpion looks frightened!
The wight attacks as you move away! The wight hits you with a +5 hand axe!
Ouch! That really hurt!
* * * LOW HITPOINT WARNING * * *
You feel drained.
* * * LOW HITPOINT WARNING * * *
The wight attacks as you move away! The wight barely misses you.
You feel yourself speed up. The wight barely misses you.
There is a stone staircase leading down here.
Found an emerald potion.
Found 4 stones.
Found a stone staircase leading up.
Found a radiant altar of Vehumet.
c - an emerald potion You see here 4 stones.
There is a radiant altar of Vehumet here.
Are you sure you want to abandon this character and quit the game? (Confirm with "yes".)

###..# #.........* *,*
..#..# #.......#,***## *,*
..#..###.......#,,,..#* *,*
...............####.#.#**,*
..##.###.............#,,,,*
..##.# #......#.(.#...#****
####.###.....###.##*,.#
#..........#...#...#
########.....@.....#
#...#...#...# #..###.###..#
##..*...#,..# #........,.#
#########**#


There were no monsters in sight!

Vanquished Creatures
  2 orcs (D:5)
2 creatures vanquished.

Notes
Turn   | Place    | Note
-------+----------+-------------------------------------------
     0 | D:5      | Esekla the Octopode Delver began the quest for the Orb.
     0 | D:5      | Reached XP level 1. HP: 16/16 MP: 1/1
    19 | D:5      | Noticed a wight
    21 | D:5      | Noticed a scorpion
    24 | D:5      | Noticed a wight
    25 | D:5      | Noticed a wight
    59 | D:5      | Found a radiant altar of Vehumet.
    70 | D:5      | Quit the game

Illustrated notes

Levels and vault maps discovered:
D:5:      layout_loops_ring, vehumet_crystals, kb_lookout_dungeons_type

Action                     || total
---------------------------++-------
  Melee: Falchion          ||     5
         Constrict         ||     2
    Use: Scroll            ||     2
         Potion            ||     1
 Armour: Skin              ||     1
  Dodge: Dodged            ||     3

Table legend: (Time is in decaauts)
 A = Elapsed time spent in this place.
 B = Non-inter-level travel time spent in this place.
 C = Inter-level travel time spent in this place.
 D = Time resting spent in this place.
 E = Time spent auto-exploring this place.
 F = Levels seen in this place.
 G = Mean time per level.
                   A        B        C        D        E       F      G
               +--------+--------+--------+--------+--------+-----+--------+
         Total |     60 |     60 |      0 |      0 |      0 |   1 |   60.0 |
       Dungeon |     60 |     60 |      0 |      0 |      0 |   1 |   60.0 |
               +--------+--------+--------+--------+--------+-----+--------+

Top non-repeatable levels by time:
     D:5: 60 daAuts
